cohdb
Replays
Latest Replays
All Replays
Popular Replays
Top Player Replays
Match Explorer
How It Works
Community
CoH3 Stats
Reddit
Sign in to upload your games and track your stats! →
Sign in with Steam
1v1 New Commander, IT Coastal
Match 16352024
Overview
Messages
Build Orders
End
Construct Infanterie Kompanie
Selects Italian Coastal Battlegroup
Selects Coastal Reserves
Coastal Reserve
MG 42 Machine Gun Team
Coastal Reserve
GrW 34 Mortar Team
Construct Luftwaffe Kompanie
Jäger Squad
Selects Artillery Officer
Artillery Officer
Selects Designate Defensive Line
Coastal Reserve
Jäger Squad
Designate Defensive Line
Medical Bunker
Construct Panzer Kompanie
Selects Rapid Fortifications
MG 42 Bunker
Selects Bulwark
Stoßtruppen Squad
Rapid Fortifications
Panzer IV Medium Tank
MG 42 Bunker
Panzer IV Medium Tank
Pioneer Squad
Pioneer Squad
Gumshoe.Cambro
SRAF_kndvimpel
0
0
Comments
sign in to comment!
No comments posted yet!